 Dungeon Crawl Stone Soup version 0.19.5 (webtiles) character file.

252 lauthentik the Sneak (level 5, -3/35 HPs)
             Began as a Vampire Enchanter on Apr 2, 2017.
             Was an Initiate of Kikubaaqudgha.
             Slain by North's ghost (10 damage)
             ... on level 4 of the Dungeon.
             The game lasted 00:08:59 (3003 turns).

lauthentik the Sneak (Vampire Enchanter)            Turns: 3003, Time: 00:09:00

Health: -3/35      AC:  3    Str:  7    XL:     5   Next: 89%
Magic:  1/9        EV: 13    Int: 19    God:    Kikubaaqudgha [......]
Gold:   171        SH:  0    Dex: 14    Spells: 3 memorised, 3 levels left

rFire  . . .     SeeInvis +     a - +1 dagger
rCold  + + .     Gourm    .     b - +1 robe
rNeg   + + +     Faith    .     (no shield)
rPois  ∞         Spirit   .     (no helmet)
rElec  .         Reflect  .     (no cloak)
rCorr  .         Harm     .     (no gloves)
MR     .....                    (no boots)
Stlth  ++++++....               (no amulet)
                                (no ring)
                                (no ring)

@: bloodless, non-regenerating
A: fangs 3, see invisible, unbreathing
a: Bat Form, Renounce Religion


You were on level 4 of the Dungeon.
You worshipped Kikubaaqudgha.
Kikubaaqudgha was noncommittal.
You were bloodless.

You visited 2 branches of the dungeon, and saw 5 of its levels.

You collected 171 gold pieces.

Inventory:

Hand Weapons
 a - a +1 dagger (weapon)
 i - a +1 dagger of venom
Missiles
 f - 5 tomahawks
 n - 3 poisoned tomahawks
 p - a javelin (quivered)
Armour
 b - a +1 robe (worn)
Wands
 r - a wand of digging (13/24)
Scrolls
 e - 6 scrolls of identify {unknown}
 g - a scroll of remove curse {unknown}
 h - a scroll of amnesia {unknown}
 l - a scroll of enchant weapon {unknown}
 m - a scroll of noise {unknown}
 q - a scroll of magic mapping {unknown}
Potions
 d - 3 potions of blood
 j - 2 potions of flight {unknown}
 k - 2 potions of ambrosia {unknown}
 o - 2 potions of brilliance {unknown}
Books
 c - a book of Maledictions

   Spells                             Type                      Level
   a - Corona                         Hexes                        1
   b - Ensorcelled Hibernation        Hexes/Ice                    2
   c - Confuse                        Hexes                        3
   d - Tukima's Dance                 Hexes                        3
   e - Dazzling Spray                 Conjuration/Hexes            3


   Skills:
 + Level 0.1 Fighting
 + Level 2.7 Short Blades
 + Level 0.4 Throwing
 + Level 2.6 Dodging
 + Level 7.2 Stealth
 + Level 2.7 Spellcasting
 + Level 5.3 Hexes
 + Level 1.5 Ice Magic


You had 3 spell levels left.
You knew the following spells:

 Your Spells              Type           Power        Failure   Level  Hunger
a - Ensorcelled Hibernat  Hex/Ice        ###...       8%          2    ##.....
b - Corona                Hex            ###....      1%          1    None
c - Confuse               Hex            ###.....     6%          3    ###....


Dungeon Overview and Level Annotations

Branches:
Dungeon (4/15)             Temple (1/1) D:4

Altars:
Fedhas
Kikubaaqudgha
Makhleb
Nemelex Xobeh
Sif Muna
Trog
Xom
Zin
The Shining One

Annotations:
D:4 North's ghost, amateur VSGl


Innate Abilities, Weirdness & Mutations

You do not heal naturally.
You are immune to poison.
You have razor-sharp teeth.
You have supernaturally acute eyesight. (SInv)
You can survive without breathing.


Message History

You hit North's ghost but do no damage.
You bite North's ghost, but do no damage.
North's ghost is moderately damaged.
You hit North's ghost but do no damage.
North's ghost is moderately damaged.
North's ghost closely misses you.
There is an open door here.
You hit North's ghost but do no damage.
North's ghost is moderately damaged.
You hit North's ghost.
North's ghost is heavily damaged.
North's ghost hits you.
* * * LOW HITPOINT WARNING * * *
You hit North's ghost but do no damage.
North's ghost is heavily damaged.
You barely miss North's ghost.
North's ghost is heavily damaged.
North's ghost hits you!
You die...
Kikubaaqudgha rasps: "You have failed me!
Welcome... oblivion!"

#..# #... ###+###..##....
#.....#........ #.###.#........
+.#>'.'........
#...#.###.#.........
#...#.....#..........
#...###'###...........
#....W@.###............
#....#####...W.........
##.....## #.............
#.......###.............
##........#..............
########...###..................
#..........# ##.................
###........## ##................
#...#.......###.................


You could see North's ghost (confused).

Vanquished Creatures
  Blork the orc (D:4)
  A hound (D:4)
  2 worker ants (D:4)
  3 adders
  A shadow imp (D:4)
  An ooze (D:2)
  A worm (D:2)
  2 dart slugs
  A leopard gecko (D:1)
  An orc (D:4)
  A ball python (D:1)
  4 giant cockroaches
  10 goblins
  4 hobgoblins
  7 jackals
  A quokka (D:4)
  5 bats
  5 frilled lizards
  7 kobolds
  A quokka skeleton (D:4)
  3 rats
62 creatures vanquished.

Notes
Turn   | Place    | Note
-------+----------+-------------------------------------------
     0 | D:1      | lauthentik the Vampire Enchanter began the quest for the Orb.
     0 | D:1      | Reached XP level 1. HP: 13/13 MP: 3/3
   101 | D:1      | Reached skill level 5 in Stealth
   396 | D:1      | Reached XP level 2. HP: 18/19 MP: 3/5
   862 | D:1      | Learned a level 2 spell: Ensorcelled Hibernation
  1399 | D:1      | Reached XP level 3. HP: 18/24 MP: 3/6
  1787 | D:2      | Reached XP level 4. HP: 27/30 MP: 3/7
  1944 | D:2      | Reached skill level 6 in Stealth
  2525 | D:4      | Noticed Blork the orc
  2533 | D:4      | Killed Blork the orc
  2533 | D:4      | Reached skill level 5 in Hexes
  2533 | D:4      | Reached skill level 1 in Ice Magic
  2533 | D:4      | Reached XP level 5. HP: 35/35 MP: 5/8
  2718 | D:4      | Noticed North's ghost (amateur VSGl)
  2816 | D:4      | Reached skill level 7 in Stealth
  2899 | D:4      | Found a staircase to the Ecumenical Temple.
  2907 | Temple   | Entered the Ecumenical Temple
  2946 | Temple   | Became a worshipper of Kikubaaqudgha
  2951 | Temple   | Learned a level 3 spell: Confuse
  3003 | D:4      | Slain by North's ghost

Skill      XL: |  1  2  3  4  5 |
---------------+----------------+-----
Stealth        | 5 6 7 |  7.2
Short Blades   | 2 |  2.7
Hexes          | 5 |  5.3
Ice Magic      | 1 |  1.5
Fighting       | |  0.1
Throwing       | |  0.4
Dodging        | |  2.6
Spellcasting   | |  2.7

Action                   |  1- 3 |  4- 6 || total
-------------------------+-------+-------++-------
Melee: Dagger            |   111 |    81 ||   192
       Bite              |     4 |     5 ||     9
Throw: Javelin           |     4 |     1 ||     5
 Cast: Corona            |     7 |       ||     7
       Ensorcelled Hiber |    11 |    15 ||    26
       Confuse           |       |     3 ||     3
  Use: Potion            |       |     1 ||     1
 Stab: Sleeping          |    19 |    17 ||    36
       Confused          |       |     1 ||     1
Armor: Robe              |    34 |    11 ||    45
Dodge: Dodged            |    78 |    43 ||   121
